Map: Ascension to Aiur LE

Players

llllllllllll

  • Race: Zerg Zerg
  • Spawn Location: 5:00

AlexUA - Winner!

  • Race: Protoss Protoss
  • Spawn Location: 11:00

VOD

Have the link to the VOD?

Description

Time

  • Played on: Nov. 28, 2017, 5:34 p.m.
  • Length: 8:13
Show
View Real Time Build Order
Export as new Build Order

llllllllllll Zerg 

Build Orders: Hatch First 

Get SALT Encoding   

  12  0:00  Drone  
  13  0:08  Drone  
  14  0:33  Hatchery  
  13  0:36  Drone  
  14  0:52  Spawning Pool  
  14  0:56  Drone  
  14  1:03  Drone, Extractor  
  15  1:08  Overlord  
  15  1:27  Drone x2  
  15  1:29  Drone  
  18  1:39  Queen  
  20  1:40  Drone  
  20  1:45  Drone  
  22  1:47  Queen  
  22  1:51  Drone  
  25  1:56  Drone  
  25  2:00  Overlord  
  26  2:07  Drone  
  27  2:12  Drone  
  28  2:18  Queen  
  28  2:19  Drone  
  31  2:26  Drone  
  31  2:28  Drone  
  33  2:33  Overlord  
  33  2:39  Drone, Extractor  
  33  2:47  Drone x3  
  33  2:49  Overlord  
  36  2:52  Drone  
  36  2:53  Extractor  
  36  2:56  Drone x3  
  39  2:58  Drone  
  39  3:02  Extractor  
  39  3:05  Drone  
  40  3:08  Drone  
  40  3:12  Extractor  
  40  3:13  Drone  
  40  3:18  Drone  
  42  3:24  Drone  
  43  3:27  Overlord  
  43  3:28  Drone x2  
  43  3:29  Drone  
  43  3:30  Drone x2  
  43  3:32  Drone  
  49  3:42  Drone, Lair, Spine Crawler  
  49  3:45  Drone, Spine Crawler  
  49  3:50  Hatchery  
  49  3:53  Drone  
  50  3:55  Drone  
  50  3:59  Drone  
  51  4:03  Overlord  
  51  4:04  Drone  
  51  4:05  Drone x2  
  51  4:09  Evolution Chamber  
  53  4:16  Spine Crawler  
  52  4:17  Drone, Spine Crawler  
  52  4:21  Spore Crawler  
  52  4:22  Spore Crawler  
  51  4:24  Drone  
  51  4:25  Drone  
  51  4:30  Overlord  
  52  4:32  Drone  
  52  4:38  Zerg Missile Weapons Level 1, Spine Crawler  
  52  4:41  Drone  
  52  4:42  Drone  
  54  4:47  Hydralisk Den, Drone  
  54  4:52  Drone  
  55  4:53  Drone x2  
  55  4:58  Drone  
  58  5:01  Drone x3  
  58  5:05  Drone x2  
  58  5:06  Drone  
  64  5:07  Drone x2  
  64  5:08  Drone  
  64  5:11  Drone  
  64  5:12  Drone  
  64  5:13  Drone  
  70  5:15  Drone  
  70  5:17  Pneumatized Carapace  
  71  5:25  Drone x3  
  71  5:27  Muscular Augments  
  74  5:32  Spore Crawler  
  74  5:33  Hydralisk  
  74  5:34  Hydralisk, Extractor  
  76  5:41  Overlord, Hydralisk  
  76  5:42  Hydralisk x2  
  82  5:48  Overlord x2  
  82  5:54  Overlord x3  
  82  6:00  Overseer  
  82  6:01  Hydralisk x3  
  88  6:18  Hydralisk x8  
  104  6:27  Hydralisk x4  
  112  6:40  Hydralisk  
  112  6:41  Hydralisk x5  
  112  6:44  Hydralisk  
  126  6:51  Hydralisk x3  
  128  7:01  Hydralisk  
  128  7:03  Overlord x4  
  128  7:08  Overlord x3  
  130  7:21  Hydralisk, Extractor  
  130  7:22  Hydralisk x4  
  137  7:32  Hydralisk x5  
  137  7:36  Hydralisk x3  
  145  7:44  Hydralisk x3  
Show
View Real Time Build Order
Export as new Build Order

AlexUA Protoss - Winner!

Build Orders: 1 Gate Expand, Colossus Rush 

Get SALT Encoding   

  12  0:00  Probe  
  13  0:13  Probe  
  14  0:18  Pylon  
  14  0:25  Probe (Chrono Boost)  
  15  0:37  Probe (Chrono Boost)  
  15  0:39  Gateway  
  16  0:45  Probe (Chrono Boost)  
  17  0:53  Probe  
  17  0:54  Assimilator  
  18  1:05  Probe (Chrono Boost)  
  19  1:17  Probe (Chrono Boost)  
  20  1:20  Probe (Chrono Boost)  
  21  1:29  Nexus  
  21  1:41  Cybernetics Core  
  21  1:43  Probe  
  22  1:50  Assimilator  
  22  1:55  Pylon  
  22  1:59  Probe  
  23  2:13  Probe  
  24  2:18  Robotics Facility  
  24  2:26  Probe (Chrono Boost)  
  24  2:27  Warp Gate  
  24  2:28  Adept  
  27  2:38  Probe (Chrono Boost)  
  27  2:40  Probe (Chrono Boost)  
  29  2:50  Probe (Chrono Boost)  
  29  2:51  Probe (Chrono Boost)  
  30  2:52  Probe, Gateway  
  30  2:55  Probe  
  32  3:04  Probe (Chrono Boost)  
  33  3:11  Robotics Bay  
  34  3:14  Probe (Chrono Boost)  
  34  3:16  Probe (Chrono Boost)  
  36  3:21  Assimilator  
  36  3:22  Probe x2 (Chrono Boost)  
  37  3:30  Probe  
  37  3:31  Probe  
  39  3:38  Sentry  
  41  3:42  Probe (Chrono Boost), Assimilator  
  41  3:44  Pylon  
  43  3:49  Pylon  
  43  3:53  Probe (Chrono Boost)  
  43  3:54  Probe (Chrono Boost)  
  43  3:55  Probe  
  45  3:56  Probe  
  45  4:02  Colossus (Chrono Boost)  
  52  4:07  Probe  
  52  4:08  Probe  
  54  4:13  Gateway  
  54  4:14  Gateway  
  54  4:20  Twilight Council  
  54  4:24  Probe x2  
  54  4:29  Gateway  
  56  4:34  Sentry x2  
  60  4:47  Nexus  
  60  4:52  Pylon  
  60  5:02  Resonating Glaives (Chrono Boost)  
  60  5:07  Pylon  
  60  5:09  Colossus (Chrono Boost)  
  60  5:11  Gateway  
  66  5:16  Gateway  
  66  5:19  Sentry  
  66  5:20  Sentry  
  70  5:26  Gateway  
  70  5:35  Sentry x2  
  74  5:52  Adept x2  
  78  5:57  Pylon  
  78  5:59  Observer, Pylon  
  79  6:07  Adept x3  
  79  6:11  Adept  
  87  6:16  Shield Battery  
  87  6:18  Shield Battery  
  87  6:23  Adept x2  
  91  6:28  Shield Battery  
  91  6:30  Pylon  
  91  6:32  Adept x2  
  95  6:33  Adept x4  
  101  6:45  Adept x2  
  81  6:56  Adept x3, Sentry  
  81  6:57  Adept x2  
  91  7:06  Shield Battery  
  91  7:08  Adept x2  
  93  7:17  Adept x3  
  93  7:22  Shield Battery  
  99  7:23  Shield Battery  
  99  7:24  Sentry  
  95  7:40  Adept x5  
  95  7:45  Sentry x2  
  99  7:57  Adept  
  90  8:11  Adept x2  
  90  8:12  Adept x3  
Tags
 
Add a new tag
Caveats
  • Supply blocks, unpowered buildings, or Contaminate may cause inaccurate times.
  • Supply counts are checked every 10 seconds.